 Dungeon Crawl Stone Soup version 0.22-a0-499-g80674aa (webtiles) character file.

193 tehllama the Insei (level 5, -4/29 HPs)
             Began as an Octopode Transmuter on Nov 1, 2018.
             Succumbed to kobold's curare-tipped needle
             ... on level 3 of the Dungeon.
             The game lasted 00:04:57 (1912 turns).

tehllama the Insei (Octopode Transmuter)            Turns: 1912, Time: 00:04:57

Health: -4/29      AC:  1    Str: 11    XL:     5   Next: 72%
Magic:  8/8        EV: 16    Int: 15    God:
Gold:   145        SH:  4    Dex: 12    Spells: 3/9 levels left

rFire    . . .     SeeInvis .     - Unarmed
rCold    . . .     Gourm    .   (no shield)
rNeg     . . .     Faith    .   (no helmet)
rPois    .         Spirit   .   (no amulet)
rElec    .         Reflect  .   (no ring)
rCorr    .         Harm     .   (no ring)
MR       .....                  (no ring)
Stlth    +++.......             (no ring)
HPRegen  0.09/turn              (no ring)
MPRegen  0.11/turn              (no ring)
                                (no ring)
                                (no ring)

@: lethally poisoned (-4 -> -52), slowed, very slow
A: almost no armour, stealthy swim, amphibious, 8 rings, constrict 8, repulsion
field 1, large bone plates 1, camouflage 1, frail 1, gelatinous body 1
a: no special abilities


You were on level 3 of the Dungeon.
You were not hungry.

You visited 1 branch of the dungeon, and saw 3 of its levels.

You collected 145 gold pieces.

Inventory:

Missiles
 a - 61 arrows
Wands
 f - a wand of polymorph (12)
Scrolls
 d - 2 scrolls of teleportation
 e - a scroll of immolation {unknown}
 h - 2 scrolls of identify
Potions
 g - a potion of brilliance
 j - a potion of resistance
Books
 b - a book of Changes

   Spells                             Type                      Level
   a - Beastly Appendage              Transmutation                1
   b - Sticks to Snakes               Transmutation                2
   c - Spider Form                    Transmutation/Poison         3
   d - Ice Form                       Ice/Transmutation            4
   e - Blade Hands                    Transmutation                5
Comestibles
 c - 6 rations
 i - 4 chunks of flesh


   Skills:
 - Level 1.0 Fighting
 + Level 2.7 Dodging
 + Level 2.5 Stealth
 * Level 4.0 Unarmed Combat
 + Level 2.5 Spellcasting
 * Level 3.4 Transmutations
 + Level 1.4 Poison Magic


You had 3 spell levels left.
You knew the following spells:

 Your Spells              Type           Power        Failure   Level  Hunger
a - Beastly Appendage     Tmut           ##....       5%          1    #......
b - Sticks to Snakes      Tmut           ##......     8%          2    ###....
c - Spider Form           Tmut/Pois      #.........   24%         3    ###....


Dungeon Overview and Level Annotations

Branches:
Dungeon (3/15)

Altars:
Makhleb
Uskayaw


Innate Abilities, Weirdness & Mutations

You cannot wear most types of armour.
You are very stealthy in the water. (Stealth+)
You are amphibious.
You can wear up to eight rings at the same time.
You can use your tentacles to constrict eight enemies at once.
Your skin changes colour to match your surroundings (Stealth+).
Your rubbery body absorbs attacks. (AC +1, EV +1)
You are surrounded by a mild repulsion field. (EV +2)
You are partially covered in large bone plates. (SH +4)
You are frail. (-10% HP)


Message History

You feel as though you will be slow longer.
You see here a curare-tipped needle.
You are too injured to fight recklessly!
You are too injured to fight recklessly!
* * * LOW HITPOINT WARNING * * *
You feel very sick.
The kobold shoots a curare-tipped needle.
The curare-tipped needle closely misses you.
The kobold shoots a curare-tipped needle.
The curare-tipped needle hits you.
You are more poisoned.
You have difficulty breathing.
* * * LOW HITPOINT WARNING * * *
You feel as though you will be slow longer.
Some of the chunks of flesh in your inventory have rotted away.
Found a stone staircase leading down.
It was a potion of mutation.
You feel extremely strange.
You begin to radiate repulsive energy.
You feel frail.
Large bone plates grow over parts of your tentacles.
You die...

.†........># #########
...........####.....#...
.......................>
......................#
..............[(......#
<.....................#
............$.........#
..............((......#
...........(....@.K...#
....)................##
......................#
......................#
......................#
.....................##
.....................#
.....................#
.............


You could see a kobold.

Vanquished Creatures
  2 orc priests (D:2)
  An orc wizard (D:2)
  3 adders
  An ooze (D:3)
  3 worms (D:2)
  2 dart slugs
  2 leopard geckos
  7 orcs
  4 hobgoblins
  2 quokkas
  2 ball pythons
  3 bats
  3 frilled lizards
  7 goblins
  6 kobolds
  11 rats
59 creatures vanquished.

Notes
Turn   | Place    | Note
-------+----------+-------------------------------------------
     0 | D:1      | tehllama the Octopode Transmuter began the quest for the Orb.
     0 | D:1      | Reached XP level 1. HP: 13/13 MP: 3/3
    96 | D:1      | Reached XP level 2. HP: 12/18 MP: 5/5
   518 | D:1      | Reached skill level 1 in Stealth
   898 | D:2      | Learned a level 2 spell: Sticks to Snakes
   928 | D:2      | Reached XP level 3. HP: 23/23 MP: 6/6
   933 | D:2      | Learned a level 3 spell: Spider Form
   970 | D:2      | Reached XP level 4. HP: 26/28 MP: 5/7
  1042 | D:2      | Reached skill level 1 in Poison Magic
  1046 | D:2      | Reached XP level 5. HP: 9/33 MP: 8/8
  1396 | D:2      | Found a burning altar of Makhleb.
  1487 | D:2      | Found a hide-covered altar of Uskayaw.
  1872 | D:3      | Reached skill level 4 in Unarmed Combat
  1911 | D:3      | HP: 1/33 [asphyx]
  1912 | D:3      | Gained mutation: You are surrounded by a mild repulsion field. (EV +2) [potion of mutation]
  1912 | D:3      | Gained mutation: You are frail. (-10% HP) [potion of mutation]
  1912 | D:3      | Gained mutation: You are partially covered in large bone plates. (SH +4) [potion of mutation]
  1912 | D:3      | Succumbed to kobold's curare-tipped needle

Vault maps used:
D:1:      lightli_molten_gateway, kennysheep_crisscross
D:2:      eat_drink_and_be_merry_uskayaw, lemuel_doored_altar
D:3:      first_ration

Skill      XL: |  1  2  3  4  5 |
---------------+----------------+-----
Stealth        | 1 2 |  2.5
Transmutations | 3 |  3.4
Poison Magic   | 1 |  1.4
Unarmed Combat | 4 |  4.0
Fighting       | |  1.0
Dodging        | |  2.7
Spellcasting   | |  2.5

Action                   |  1- 3 |  4- 6 || total
-------------------------+-------+-------++-------
Melee: Unarmed           |    53 |    71 ||   124
       Constrict         |    17 |    21 ||    38
       Tentacles         |     6 |    12 ||    18
       Kick              |     3 |     5 ||     8
       Punch             |     1 |     1 ||     2
 Cast: Beastly Appendage |     2 |     2 ||     4
  Use: Potion            |       |     3 ||     3
       Scroll            |       |     2 ||     2
 Stab: Sleeping          |     3 |     6 ||     9
       Distracted        |       |     1 ||     1
  Eat: Chunk             |       |     3 ||     3
Armor: Skin              |     1 |     1 ||     2
Dodge: Dodged            |    34 |    39 ||    73

Table legend:
 A = Spawn XP
 B = Non-spawn XP
 C = Spawn XP percentage of total XP
 D = Spawn monster count
 E = Non-spawn monster count
 F = Spawn count percentage of total count
 G = Total turns spent on level
                    A         B        C        D         E        F      G
               +---------+---------+-------+---------+---------+-------+---------
         Total |       0 |     276 |   0.0 |       0 |      59 |   0.0 |  1912
               +---------+---------+-------+---------+---------+-------+---------
           D:1 |       0 |      22 |   0.0 |       0 |      15 |   0.0 |   701
           D:2 |       0 |     212 |   0.0 |       0 |      30 |   0.0 |  1008
           D:3 |       0 |      42 |   0.0 |       0 |      14 |   0.0 |   203
               +---------+---------+-------+---------+---------+-------+---------
